 Dungeon Sprint DCSS version 0.30-a0-439-g9e77e4d916 (webtiles) character file.

Game seed: 5186697914521407174

79 mhtbhm the Firebug (level 4, -4/24 HPs)
             Began as a Gargoyle Fire Elementalist on Dec 11, 2022.
             Slain by a water elemental (18 damage)
             ... in the Dungeon (Sprint III: "The Ten Rune Challenge").
             The game lasted 00:02:41 (535 turns).

mhtbhm the Firebug (Gargoyle Fire Elementalist)      Turns: 535, Time: 00:02:44

Health: -4/24      AC:  5    Str: 11    XL:     4   Next: 38%
Magic:  2/10       EV: 12    Int: 18    God:
Gold:   32         SH:  0    Dex: 10    Spells: 2/11 levels left

rFire   . . .      SeeInvis +    (no weapon)
rCold   + . .      Faith    +    (no shield)
rNeg    + . .      Spirit   .    a - +0 robe
rPois   ∞          Reflect  .    (no helmet)
rElec   +          Harm     .    (no cloak)
rCorr   .          Rampage  .    (no gloves)
Will    .....      NoTele   +    (no boots)
Stlth   ++........               h - amulet of faith
HPRegen 0.24/turn                (no ring)
MPRegen 0.12/turn                (no ring)

@: no status effects
A: sickness immunity, AC +3, negative energy resistance 1, electricity
resistance, torment resistance 1, petrification resistance, see invisible, cold
resistance 1, screaming 1
a: no special abilities


You were in the Dungeon.
You visited 1 branch You collected 32 gold pieces.

Inventory:

Armour
 a - a +0 robe (worn)
Jewellery
 h - an amulet of faith (around neck)
Scrolls
 f - a scroll of poison {unknown}
 g - a scroll of blinking
 i - 2 scrolls of amnesia {unknown}
 j - a scroll of torment {unknown}
 k - a scroll of acquirement {unknown}
Potions
 b - 2 potions of magic
 c - 2 potions of curing
 d - a potion of heal wounds
 e - 3 potions of mutation
 l - 2 potions of flight


   Skills:
 + Level 0.2 Fighting
 + Level 2.7 Dodging
 + Level 3.5 Stealth
 + Level 4.3 Spellcasting
 + Level 2.5 Conjurations
 + Level 6.2 Fire Magic


You had 2 spell levels left.
You knew the following spells:

 Your Spells              Type           Power      Damage    Failure   Level
a - Foxfire               Conj/Fire      76%        2x1d7     2%          1
b - Scorch                Fire           52%        2d8       1%          2
c - Inner Flame           Hex/Fire       15%        N/A       12%         3
d - Kindle Blastsparks    Fire/Tloc/Air  22%        2d11      19%         3

Your spell library contained the following spells:

 Spells                   Type           Power      Damage    Failure   Level
 Flame Wave               Conj/Fire      19%        2d7       24%         4


Dungeon Overview and Level Annotations

Branches:
Dungeon (1/1)

Altars:


Innate Abilities, Weirdness & Mutations

You are immune to sickness and miasma.
Your stone body is resilient. (AC +3)
You are immune to poison.
You resist negative energy. (rN+)
You are resistant to electric shocks. (rElec)
You are resistant to unholy torment.
You are immune to petrification.
You have supernaturally acute eyesight. (SInv)
Your flesh is cold resistant. (rC+)
You occasionally shout uncontrollably at your foes.


Message History

Moving in this stuff is going to be slow.
Why would you want to do that? As you open the door, it creaks loudly!
A water elemental comes into view.
Unknown command.
Casting: Foxfire (safe; 2% risk of failure)
Confirm with . or Enter, or press ? or * to list all spells.
Okay, then.
Casting: Foxfire (safe; 2% risk of failure)
Confirm with . or Enter, or press ? or * to list all spells.
Flames lash the water elemental.
The water elemental is burned terribly!
The water elemental is moderately damaged.
The water elemental's fire resistance burns away.
Unknown command.
Unknown command.
Unknown command.
Casting: Scorch (safe; 1% risk of failure)
Confirm with . or Enter, or press ? or * to list all spells.
Flames lash the water elemental but do no damage.
The water elemental hits you!
Unknown command.
Unknown command.
Unknown command.
Casting: Scorch (safe; 1% risk of failure)
Confirm with . or Enter, or press ? or * to list all spells.
Flames lash the water elemental.
The water elemental is burned terribly!
The water elemental is severely damaged.
The water elemental closely misses you.
Unknown command.
Unknown command.
Unknown command.
Unknown command.
Unknown command.
Casting: Scorch (safe; 1% risk of failure)
Confirm with . or Enter, or press ? or * to list all spells.
Flames lash the water elemental.
The water elemental is burned terribly!
The water elemental is almost destroyed.
The water elemental hits you!!
Ouch! That really hurt!
You die...

▓▓▓▓▓▓▓▓▓▓ ▓▓▓
<.#..'...♣♣♣ ♣.#
.†#..#.....♣ ♣.#
#'####.....♣ ..#
.....#....~♣ ♣♣♣.# #+#+#
.....#...~~♣♣♣.♣.#......
.....#..~~~~♣.♣.@E.⌠....
####'#..~≈≈~~~...#...###
.....#.~~≈~~~....# ⌠.#
.....#.~≈~~~.....# .#
.....#.~~~.......# #
'#####...........#
.................#
▓▓▓▓▓▓▓▓▓▓▓▓▓▓▓▓▓▓


You could see a water elemental (combustible).

Vanquished Creatures
  A scorpion (D)
  A human (D)
  An endoplasm (D)
  3 rats (D)
6 creatures vanquished.

Vanquished Creatures (others)
  26 foxfires (D)
26 creatures vanquished.

Grand Total: 32 creatures vanquished

Notes
Turn   | Place    | Note
-------+----------+-------------------------------------------
     0 | D        | mhtbhm the Gargoyle Fire Elementalist began the quest for
                  | the Orb.
     0 | D        | Reached XP level 1. HP: 10/10 MP: 3/3
   209 | D        | Reached skill level 4 in Fire Magic
   209 | D        | Reached XP level 2. HP: 2/15 MP: 0/6
   270 | D        | Learned a level 2 spell: Scorch
   278 | D        | Noticed a scorpion
   311 | D        | Killed a scorpion
   312 | D        | Reached skill level 6 in Fire Magic
   312 | D        | Reached XP level 3. HP: 15/19 MP: 0/8
   312 | D        | Reached XP level 4. HP: 19/24 MP: 0/10
   397 | D        | Learned a level 3 spell: Inner Flame
   401 | D        | Learned a level 3 spell: Kindle Blastsparks
   515 | D        | Gained mutation: You occasionally shout uncontrollably at
                  | your foes. [potion of mutation]
   515 | D        | Gained mutation: You have supernaturally acute eyesight.
                  | (SInv) [potion of mutation]
   515 | D        | Gained mutation: Your flesh is cold resistant. (rC+)
                  | [potion of mutation]
   531 | D        | Noticed a water elemental
   535 | D        | Slain by a water elemental

Illustrated notes

Levels and vault maps discovered:
D:        dungeon_sprint_mu [sprint_mu_entry_forest, sprint_mu_temple_rooms,
          sprint_mu_d1_spiders, sprint_mu_d2_genie, sprint_mu_d3_branching,
          sprint_mu_orc_legion, sprint_mu_elf_gauntlet, sprint_mu_hive_nellie,
          sprint_mu_lair_fedhas, sprint_mu_vaults_butterflies,
          sprint_mu_slime_circle, sprint_mu_swamp_cave, sprint_mu_snake_twists,
          sprint_mu_blade_basic, sprint_mu_crypt_fortress,
          sprint_mu_tomb_spiral, sprint_mu_vestibule_basic,
          sprint_mu_gehenna_hellfire, sprint_mu_dis_giant,
          sprint_mu_tartarus_statrot, sprint_mu_cocytus_islands, sprint_mu_zot1]

Skill      XL: |  1  2 |
---------------+-------+-----
Dodging        | 2 |  2.7
Spellcasting   | 3 4 |  4.3
Fire Magic     | 4 6 |  6.2
Stealth        | 3 |  3.5
Conjurations   | 2 |  2.5
Fighting       | |  0.2

Action                   |  1- 3 |  4- 6 || total
-------------------------+-------+-------++-------
Melee: Unarmed           |    10 |       ||    10
 Cast: Foxfire           |    17 |       ||    17
       Scorch            |     2 |     4 ||     6
  Use: Potion            |     3 |     1 ||     4
Armor: Robe              |     8 |       ||     8
Dodge: Dodged            |    16 |     1 ||    17

Table legend: (Time is in decaauts)
 A = Elapsed time spent in this place.
 B = Non-inter-level travel time spent in this place.
 C = Inter-level travel time spent in this place.
 D = Time resting spent in this place.
 E = Time spent auto-exploring this place.
 F = Levels seen in this place.
 G = Mean time per level.
                   A        B        C        D        E       F      G
               +--------+--------+--------+--------+--------+-----+--------+
         Total |    535 |    535 |      0 |    332 |      0 |   1 |  535.0 |
       Dungeon |    535 |    535 |      0 |    332 |      0 |   1 |  535.0 |
               +--------+--------+--------+--------+--------+-----+--------+

Top non-repeatable levels by time:
       D: 535 daAuts
